 Dungeon Crawl Stone Soup version 0.23.2-1-ga50397a6bc (webtiles) character file.

Game seed: 8081392462153145762

3224 MachJacob the Cleaver (level 9, -9/81 HPs)
             Began as a Minotaur Berserker on Apr 16, 2019.
             Was an Elder of Trog.
             Killed by divine providence
             ... invoked by an orc priest
              (19 damage)
             ... on level 9 of the Dungeon.
             The game lasted 00:52:08 (6859 turns).

MachJacob the Cleaver (Minotaur Berserker)          Turns: 6859, Time: 00:52:08

Health: -9/81      AC: 12    Str: 23    XL:     9   Next: 66%
Magic:  8/8        EV: 11    Int:  4    God:    Trog [****..]
Gold:   479        SH:  0    Dex: 12    Spells: 8/8 levels left

rFire    . . .     SeeInvis .   a - +3 battleaxe (freeze)
rCold    . . .     Gourm    .   (shield currently unavailable)
rNeg     . . .     Faith    .   b - +0 chain mail
rPois    .         Spirit   .   (helmet restricted)
rElec    .         Reflect  .   p - +0 cloak
rCorr    .         Harm     +   (no gloves)
MR       +....                  (no boots)
Stlth    ..........             u - amulet of harm
HPRegen  0.23/turn              x - ring of protection from magic
MPRegen  0.11/turn              (no ring)

@: no status effects
A: retaliatory headbutt, horns 2
a: Berserk, Trog's Hand, Brothers in Arms, Renounce Religion


You were on level 9 of the Dungeon.
You worshipped Trog.
Trog was greatly pleased with you.
You were not hungry.

You visited 1 branch of the dungeon, and saw 9 of its levels.

You collected 479 gold pieces.

Inventory:

Hand Weapons
 a - a +3 battleaxe of freezing (weapon)
Armour
 b - a +0 chain mail (worn)
 p - a +0 cloak (worn)
Jewellery
 u - an amulet of harm (around neck)
 x - a ring of protection from magic (left hand)
 z - a +2 ring of intelligence
Scrolls
 d - 4 scrolls of magic mapping
 f - a scroll of enchant weapon {unknown}
 h - 3 scrolls of identify
 i - 3 scrolls of teleportation
 j - 2 scrolls of fog {unknown}
 l - 4 scrolls of immolation
 r - 2 scrolls of amnesia
 s - a scroll of remove curse
 t - a scroll of fear {unknown}
 y - a scroll of enchant armour {unknown}
Potions
 g - a potion of magic
 k - a potion of agility
 m - 2 potions of flight
 n - a potion of ambrosia
 o - a potion of berserk rage
 q - 3 potions of might
 w - a potion of invisibility
 B - a potion of degeneration
 C - a potion of haste {unknown}
Comestibles
 c - 17 rations
 v - 3 chunks of flesh


   Skills:
 + Level 8.1 Fighting
 * Level 10.8 Axes
 + Level 7.7 Armour
 + Level 7.1 Dodging


You had 8 spell levels left.
You didn't know any spells.
Your spell library was empty.

Dungeon Overview and Level Annotations

Branches:
Dungeon (9/15)             Temple (0/1) D:6
   Lair: D:8-11         Orc: D:9-12

Altars:
Ashenzari
Cheibriados
Dithmenos
Fedhas
Hepliaklqana
Makhleb
Qazlal
Sif Muna
Vehumet
Wu Jian
Zin

Shops:
D:7 ?   D:8 *


Innate Abilities, Weirdness & Mutations

You reflexively headbutt those who attack you in melee.
You have a pair of horns on your head.


Message History

The orc explodes!
Trog accepts your kill.
The fiery explosion engulfs the killer bee!!
The killer bee explodes!
The fiery explosion engulfs the killer bee!
The killer bee explodes!
The fiery explosion engulfs you! Trog accepts your kill.
The fiery explosion engulfs you! Trog accepts your kill. x2
The fiery explosion engulfs you! Trog accepts your kill.
The orc priest looks encouraged for a moment.
An orc comes into view. It is wielding a +0 club.
You hear a bellow! x2; You hear a shout!
You hear two shouts!
You are engulfed in blazing flames.
* * * LOW HITPOINT WARNING * * *
The orc priest mumbles some strange prayers to Beogh against you.
Beogh smites you!
You die...

... ... ..#..
.....
#.##.####.....
#.......%..##.
#.....<.h.S...
...#.h.h...#...
o ##§§§.h.....
.ooy#§§§§O.>..>
..Y§§§§@.?.....
...§§§§§.......
....§§.........
...............
............#..
.%o.....%%..# .
..S#%........
...#..........


You could see a yak (inner flame), a water moccasin (inner flame), an ogre
(inner flame), a killer bee (inner flame), an orc priest (inner flame), an adder
(inner flame), 3 orcs and 4 jackals.

Vanquished Creatures
  Grinder (D:3)
  2 hungry ghosts
  3 ice beasts
  An orc warrior (D:7)
  A sky beast (D:8)
  4 ogres
  2 centaurs
  A big kobold (D:8)
  Blork the orc (D:6)
  4 bullfrogs
  A scorpion (D:7)
  5 killer bees (D:9)
  8 wights
  A howler monkey (D:3)
  A crimson imp (D:5)
  A bullfrog zombie (D:6)
  A jelly (D:5)
  3 hounds
  3 orc priests
  2 bullfrog skeletons (D:7)
  3 orc wizards
  An iguana (D:6)
  3 worker ants
  A worker ant zombie (D:7)
  3 gnolls (D:2)
  10 adders
  An ooze (D:1)
  An adder skeleton (D:8)
  2 worms
  A dart slug (D:4)
  4 leopard geckos
  27 orcs
  4 bats
  7 giant cockroaches
  12 goblins
  9 hobgoblins
  12 jackals
  13 kobolds
  2 quokkas (D:7)
  3 ball pythons
  7 frilled lizards
  A jackal zombie (D:4)
  11 rats
  A bush (D:6)
185 creatures vanquished.

Notes
Turn   | Place    | Note
-------+----------+-------------------------------------------
     0 | D:1      | MachJacob the Minotaur Berserker began the quest for the
                  | Orb.
     0 | D:1      | Reached XP level 1. HP: 19/19 MP: 0/0
   290 | D:1      | Reached XP level 2. HP: 23/27 MP: 1/1
   371 | D:1      | Reached skill level 4 in Axes
   627 | D:1      | Reached XP level 3. HP: 33/33 MP: 2/2
   629 | D:1      | Reached ** piety under Trog
  1258 | D:2      | Reached XP level 4. HP: 21/40 MP: 3/3
  1440 | D:2      | Reached skill level 5 in Axes
  1863 | D:3      | Reached XP level 5. HP: 47/47 MP: 4/4
  1888 | D:3      | Noticed Grinder
  1894 | D:3      | Killed Grinder
  1894 | D:3      | Reached skill level 6 in Axes
  1894 | D:3      | Reached XP level 6. HP: 55/55 MP: 5/5
  2274 | D:3      | Reached skill level 5 in Fighting
  2409 | D:3      | Found a shattered altar of Ashenzari.
  2689 | D:4      | Found a snail-covered altar of Cheibriados.
  2695 | D:4      | Reached *** piety under Trog
  2802 | D:4      | Reached XP level 7. HP: 32/61 MP: 6/6
  3006 | D:4      | Reached skill level 7 in Axes
  3284 | D:5      | Entered Level 5 of the Dungeon
  3386 | D:5      | Found a hazy altar of Hepliaklqana.
  3391 | D:5      | Got an ancient emerald amulet
  3395 | D:5      | Identified the amulet of Vocladgh {Gourm Str-4 Dex+6
                  | Stlth+} (You found it on level 5 of the Dungeon)
  3413 | D:5      | Reached skill level 5 in Armour
  3575 | D:5      | Found an ornate altar of the Wu Jian Council.
  4107 | D:6      | Reached skill level 5 in Dodging
  4110 | D:6      | Reached XP level 8. HP: 70/70 MP: 7/7
  4260 | D:6      | Found a blossoming altar of Fedhas.
  4265 | D:6      | Reached skill level 8 in Axes
  4815 | D:6      | Found a staircase to the Ecumenical Temple.
  4843 | D:6      | Found a burning altar of Makhleb.
  4849 | D:6      | Noticed Blork the orc
  4850 | D:6      | Found a glowing silver altar of Zin.
  4850 | D:6      | Noticed an angel
  4851 | D:6      | Noticed an Executioner
  4873 | D:6      | Killed Blork the orc
  5182 | D:7      | Found a stormy altar of Qazlal.
  5213 | D:7      | Found a stormy altar of Qazlal.
  5291 | D:7      | Found a flagged portal.
  5339 | D:7      | Reached **** piety under Trog
  5345 | D:7      | Reached skill level 9 in Axes
  5726 | D:7      | Found Subresana's Magic Scroll Shoppe.
  5837 | D:7      | Found a radiant altar of Vehumet.
  5929 | D:7      | Reached XP level 9. HP: 74/79 MP: 8/8
  6142 | D:8      | Found a deep blue altar of Sif Muna.
  6185 | D:8      | Reached skill level 10 in Axes
  6213 | D:8      | Found Citogul's Assorted Antiques.
  6225 | D:8      | Found a shadowy altar of Dithmenos.
  6352 | D:8      | Received a gift from Trog
  6859 | D:9      | Killed from afar by an orc priest

Skill      XL: |  1  2  3  4  5  6  7  8  9 |
---------------+----------------------------+-----
Axes           | 4 5 6 7 9 10 | 10.8
Fighting       | 4 5 6 7 8 |  8.1
Armour         | 3 4 5 6 7 |  7.7
Dodging        | 3 4 5 6 7 |  7.1

Action                   |  1- 3 |  4- 6 |  7- 9 || total
-------------------------+-------+-------+-------++-------
Melee: Hand axe          |   106 |    83 |       ||   189
       Headbutt          |    18 |    16 |    50 ||    84
       War axe           |       |    10 |    59 ||    69
       Battleaxe         |       |       |   159 ||   159
       Unarmed           |       |       |    16 ||    16
Invok: Berserk           |     1 |     1 |     5 ||     7
       Trog's Hand       |       |     2 |     3 ||     5
  Use: Scroll            |     1 |     6 |    14 ||    21
       Potion            |       |       |     1 ||     1
  Eat: Chunk             |     2 |     7 |    16 ||    25
       Ration            |       |       |     2 ||     2
Armor: Animal skin       |     5 |       |       ||     5
       Scale mail        |    20 |       |       ||    20
       Chain mail        |     1 |    28 |    93 ||   122
Dodge: Dodged            |    50 |    38 |   133 ||   221
